[Event "Karnataka State Open-ch 2018"]
[Site "Bengaluru"]
[Date "2018.04.17"]
[Round "8"]
[White "Gavi, Siddayya"]
[Black "Ramachandra, Bhat"]
[Result "1-0"]
[ECO "C84"]
[WhiteElo "1993"]
[BlackElo "1661"]
[Annotator "NA"]
[PlyCount "83"]
[EventDate "2018.??.??"]
[EventType "swiss"]
[EventCountry "IND"]
[SourceTitle "playchess.com"]
[Source "ChessBase"]
[SourceQuality "1"]
[TimeControl "5400+30"]

1. e4 e5 2. Nf3 Nc6 3. Bb5 a6 4. Ba4 Nf6 5. O-O Be7 6. d3 d6 7. c3 O-O 8. Nbd2 b5 9. Bc2 Nb8 {[%emt 0:00:25] C77: Ruy Lopez: 3...a6 4 Ba4 Nf6, unusual lines} (9... d5 10. d4 exd4 11. e5 d3 12. Bxd3 Ng4 13. Qe2 f6 14. exf6 Nxf6 15. h3 Bd6 16. Re1 Re8 17. Qd1 Rxe1+ 18. Qxe1 {½-½ (43) Karjakin,S (2773)-Aronian,L (2799) Saint Louis 2017}) 10. Re1 {[%emt 0:01:00] LiveBook: 7 Games} c5 11. Nf1 Re8 12. Ng3 Nbd7 13. d4 Qc7 14. Nf5 $146 ({Predecessor:} 14. a4 Rb8 15. h3 Nf8 16. axb5 axb5 {0-1 (33) Adzic,M (2244)-Pantelic,S (2267) Golubac 2008}) 14... Bf8 15. Bg5 Bb7 16. d5 h6 17. Be3 c4 18. h3 Kh7 19. g4 Ng8 (19... a5 $11) 20. g5 g6 21. gxh6 gxf5 22. Ng5+ Kg6 23. exf5+ Kf6 24. h7 Bg7 25. Qh5 Nc5 26. Nxf7 Ke7 27. h8=Q (27. Bg5+ $142 Kd7 28. Qg6) 27... Bxh8 28. Nxh8 Bxd5 29. Rad1 Qc6 (29... Nd3 $142 30. Bxd3 cxd3 31. Bg5+ Kd7 32. Rxd3 Bc4) 30. Bxc5 Nf6 31. Ng6+ Kd8 32. Qh4 Qxc5 33. Qxf6+ Kc7 34. Qg7+ Kb6 {[%emt 0:00:15] [#]} 35. Rxd5 $1 Qxd5 36. Be4 Qd2 37. Qb7+ Ka5 38. Qc7+ Ka4 39. b3+ cxb3 40. axb3+ Kxb3 41. Rb1+ Ka4 42. Rb4+ 1-0

[Event "Karnataka State Open-ch 2018"]
[Site "Bengaluru"]
[Date "2018.04.17"]
[Round "8"]
[White "Likhit, Chilukuri"]
[Black "Karmacharya, Upendra"]
[Result "1-0"]
[ECO "B24"]
[WhiteElo "1988"]
[BlackElo "1764"]
[Annotator "NA RC"]
[PlyCount "82"]
[EventDate "2018.??.??"]
[EventType "swiss"]
[EventCountry "IND"]
[SourceTitle "playchess.com"]
[Source "ChessBase"]
[SourceQuality "1"]
[TimeControl "5400+30"]

1. e4 c5 2. Nc3 Nc6 3. Bb5 Nd4 4. Bc4 a6 {[%emt 0:00:50] LiveBook: 68 Games} 5. a3 d6 6. Nge2 Nf6 7. O-O g6 8. d3 Bg7 9. Ba2 O-O 10. f4 Be6 11. Bxe6 Nxe6 12. f5 Nc7 13. Qe1 Nd7 14. g4 b5 15. Qh4 f6 16. g5 (16. b4 $16) 16... fxg5 (16... Ne5 $11 {remains equal.}) 17. Bxg5 Bf6 18. Nf4 Ne5 19. Ncd5 Nxd5 20. Ne6 Qb6 21. Nxf8 Rxf8 22. exd5 c4+ 23. Kh1 cxd3 24. Bxf6 Rxf6 25. fxg6 Nxg6 26. Qe4 Rf2 $2 (26... Rxf1+ $16 {keeps fighting.} 27. Rxf1 dxc2) 27. cxd3 Kg7 (27... Qc5 {was called for.} 28. Rac1 Rxf1+ 29. Rxf1 Kh8) 28. Rg1 (28. h4 $142) 28... Qc7 29. Rae1 Rf7 30. Qd4+ Kg8 31. Re6 Rg7 $2 (31... Qc8 {is a better defense.} 32. Qg4 Qf8) 32. h4 Ne5 33. h5 Rxg1+ 34. Qxg1+ Kf7 $2 (34... Kf8 35. h6 Ng6 36. Qf1+ Kg8) 35. Rh6 Qc8 36. Rxh7+ Kf6 37. Qf2+ (37. Qe3 $142 Qg4 38. Qh6+ Ng6 39. Qxg6+ Qxg6 40. hxg6 Kxg6 41. Rxe7 a5 42. Rb7) 37... Kg5 $11 38. Qe3+ Kh4 39. Qf2+ $2 (39. Rg7 $18 Ng4 40. Qg5+ Kh3 41. h6) 39... Kh3 $2 40. Qh2+ Kg4 41. Rg7+ Kf3 1-0

[Event "Karnataka State Open-ch 2018"]
[Site "Bengaluru"]
[Date "2018.04.17"]
[Round "8"]
[White "Kishan, Gangolli"]
[Black "Chirag Mudraje"]
[Result "1-0"]
[ECO "D37"]
[WhiteElo "1974"]
[BlackElo "1641"]
[Annotator "NA RC"]
[PlyCount "45"]
[EventDate "2018.??.??"]
[EventType "swiss"]
[EventCountry "IND"]
[SourceTitle "playchess.com"]
[Source "ChessBase"]
[SourceQuality "1"]
[TimeControl "5400+30"]

1. d4 Nf6 2. c4 e6 3. Nf3 d5 4. Nc3 Be7 5. cxd5 exd5 6. Qc2 O-O 7. Bg5 Nbd7 8. e3 b6 9. Bd3 Bb7 10. O-O h6 11. Bh4 c5 12. Bf5 cxd4 13. Nxd4 Rc8 14. Rfd1 g5 15. Bg3 Rc5 16. Qe2 Qe8 17. Qf3 Bd8 18. Bb8 Ne5 19. Qh3 Kg7 20. Bc2 Bc8 21. Nf5+ Bxf5 22. Qxf5 Be7 23. Bxe5 1-0

[Event "Karnataka State Open-ch 2018"]
[Site "Bengaluru"]
[Date "2018.04.17"]
[Round "8"]
[White "Santoshkashyap, Hg"]
[Black "Arhan, Chethan Anand"]
[Result "1/2-1/2"]
[ECO "D37"]
[WhiteElo "1929"]
[BlackElo "1526"]
[Annotator "NA"]
[PlyCount "21"]
[EventDate "2018.??.??"]
[EventType "swiss"]
[EventCountry "IND"]
[SourceTitle "playchess.com"]
[Source "ChessBase"]
[SourceQuality "1"]
[TimeControl "5400+30"]

1. d4 d5 2. Nf3 Nf6 3. c4 e6 4. Nc3 Be7 5. Bf4 O-O 6. e3 Nbd7 {[%emt 0:00:11] LiveBook: 1755 Games} 7. g3 Re8 8. c5 e5 ({Black should try} 8... c6 $15) 9. Nb5 $2 (9. Nxe5 $14 {stays ahead.} Nxe5 10. Bxe5) 9... Nh5 $14 (9... exf4 $19 10. gxf4 b6 11. cxb6 Bb4+ 12. Nc3 axb6) 10. dxe5 (10. Bxe5 $14 {stays ahead.} Nxe5 11. Nxe5) 10... Nxf4 11. e6 1/2-1/2

[Event "Karnataka State Open-ch 2018"]
[Site "Bengaluru"]
[Date "2018.04.17"]
[Round "8"]
[White "Parthasarathy, R."]
[Black "Shreyas, Pavan"]
[Result "1-0"]
[ECO "C25"]
[WhiteElo "1926"]
[BlackElo "1520"]
[Annotator "NA RC"]
[PlyCount "81"]
[EventDate "2018.??.??"]
[EventType "swiss"]
[EventCountry "IND"]
[SourceTitle "playchess.com"]
[Source "ChessBase"]
[SourceQuality "1"]
[TimeControl "5400+30"]

1. e4 e5 2. Nc3 Nc6 3. f4 d6 4. Bc4 Nf6 5. Nf3 Be7 {[%emt 0:03:39] LiveBook: 7 Games} 6. O-O O-O 7. d3 a6 {[%emt 0:03:52] C28: Vienna Game: 2...Nf6 3 Bc4 Nc6} 8. Kh1 (8. a4 exf4 9. Bxf4 Bg4 10. d4 Nb4 11. h3 Bh5 12. Bb3 c6 13. Ne2 a5 14. c3 {1-0 (41) Dgebuadze,A (2521)-Kugelmann,W (2069) Schwaebisch Gmuend 2018}) 8... Nd7 $146 ({Find the theoretical novelty and annotate with similar games:} 8... Bg4 9. Qe1 exf4 10. Bxf4 Na5 11. Bb3 Nxb3 12. axb3 Re8 13. Qf2 Qd7 14. h3 {½-½ (23) Struik,T (2189)-Van Run,R (2142) Hengelo 2003}) 9. a3 exf4 10. Bxf4 Nde5 11. Ba2 Be6 12. Nd5 Nxf3 13. gxf3 Ne5 14. Be3 Bxd5 15. Bxd5 c6 16. Bb3 Bf6 17. f4 Nd7 18. d4 g6 19. e5 Bg7 {[#]} 20. Qg4 ({Resist} 20. exd6 $6 Nf6 $14) (20. f5 $1 $18) 20... Kh8 21. Rad1 f5 22. Qg2 d5 23. c4 Nb6 ({Better is} 23... dxc4 $1 $14 24. Bxc4 Nb6) 24. c5 Nd7 25. Bxd5 ({White should try} 25. Rf3 $16) 25... cxd5 26. Qxd5 Qc7 27. b4 Rad8 28. Qg2 Rfe8 29. Rfe1 a5 (29... Qc6 $11) 30. b5 Nb8 (30... Bf8 $16 {was called for.}) 31. d5 Qd7 32. a4 Kg8 33. Bf2 Bh6 (33... Bf8 $142 34. d6 Rc8 35. Qd5+ Re6) 34. Qf3 Qc7 35. c6 (35. Qb3 $142) 35... bxc6 36. bxc6 ({Weaker is} 36. dxc6 Rc8 $16) 36... Bg7 (36... Nxc6 $142 37. dxc6 Rxd1 38. Rxd1 Re6) 37. Qb3 Kh8 (37... Qf7 $142 38. c7 Qxc7 39. d6+ Qf7) 38. Bb6 Qc8 39. Bxd8 Rxd8 40. Rc1 Re8 41. d6 $18 1-0

[Event "Karnataka State Open-ch 2018"]
[Site "Bengaluru"]
[Date "2018.04.17"]
[Round "8"]
[White "Sameer, Ghotane"]
[Black "Shriya R Revankar"]
[Result "1/2-1/2"]
[ECO "E32"]
[WhiteElo "1881"]
[BlackElo "1472"]
[Annotator "NA RC"]
[PlyCount "79"]
[EventDate "2018.??.??"]
[EventType "swiss"]
[EventCountry "IND"]
[SourceTitle "playchess.com"]
[Source "ChessBase"]
[SourceQuality "1"]
[TimeControl "5400+30"]

1. d4 Nf6 2. c4 e6 3. Nc3 Bb4 4. Qc2 O-O 5. a3 Bxc3+ 6. Qxc3 Ne4 7. Qc2 f5 8. Nh3 d6 9. f3 Nf6 10. Nf2 {[%emt 0:00:19] E32: Nimzo-Indian: Classical (4 Qc2): 4...0-0} (10. e3 e5 11. dxe5 dxe5 12. Be2 c5 13. b4 f4 14. Nf2 Nc6 15. Qb2 Qe7 16. O-O cxb4 17. exf4 exf4 18. axb4 Qxb4 19. Qa2 Re8 20. Bxf4 {½-½ (55) Steingrimsson,H (2576)-Wells,P (2447) Antalya 2017}) 10... Nc6 11. e3 e5 12. dxe5 dxe5 13. Be2 {[%emt 0:00:34] LiveBook: 5 Games} e4 14. f4 a5 $146 ({Predecessor:} 14... Be6 15. Bd2 Qe8 16. O-O-O Qg6 {1-0 (41) Gurmen,A (2389)-Dlugolecki,G (2102) ICCF email 2009}) 15. b3 Qe7 16. Bb2 Nd8 17. O-O Ne6 18. Kh1 Bd7 19. g4 fxg4 20. Nxg4 ({Better is} 20. Bxg4 $11 Nd4 21. Bxd4 Nxg4 22. Rg1 Nxf2+ 23. Qxf2) 20... Nxg4 21. Bxg4 Nd4 22. Qg2 Bxg4 ({Much worse is} 22... Nxb3 $6 23. Bxd7 Qxd7 24. Rad1 $16) 23. Qxg4 Nf5 24. Rg1 Rf7 25. Qh3 Rd8 26. Rg5 g6 $2 {[%emt 0:02:29] [#]} (26... Rd2 $17 {stays on course.} 27. Be5 (27. Rxf5 Qe6 $17) 27... Qd7) 27. Rxg6+ $1 Kf8 {[%emt 0:02:03] [#]} 28. Rag1 $1 Qc5 29. Rg8+ $2 (29. Bf6 Ke8 30. Rg8+ Kd7 31. Rxd8+ Kc6 {[#]} 32. b4 $1 axb4 33. axb4 Ng3+ 34. hxg3 Qxc4 35. b5+ $1 Kxb5 36. Qf5+ Kc6 37. Rd4) 29... Ke7 30. Rxd8 Kxd8 31. Rd1+ Kc8 $1 32. Qg4 b6 $1 33. Bd4 Qxa3 34. c5 Qxb3 (34... Kb7 $17 35. cxb6 cxb6) 35. cxb6 cxb6 36. Qg8+ $2 (36. Bxb6 $11 {and White is okay.} Kb7 37. Qg1 (37. Bc5 Nxe3 38. Bxe3 Qxe3 $17)) 36... Kb7 37. Qg1 b5 38. Rb1 Qd3 39. Be5 Qe2 $2 (39... Rd7 $19 40. Re1 Qd2) 40. Rd1 $19 (40. Qg8 $11 Qf3+ 41. Kg1 Qxe3+ 42. Kh1 Qf3+ 43. Kg1 Qe3+ 44. Kh1 Qf3+ 45. Kg1 Qe3+) 1/2-1/2

[Event "Karnataka State Open-ch 2018"]
[Site "Bengaluru"]
[Date "2018.04.17"]
[Round "8"]
[White "Dilip Kumar Pedda"]
[Black "Manjunath, J."]
[Result "1-0"]
[ECO "D18"]
[WhiteElo "1653"]
[BlackElo "1986"]
[Annotator "NA RC"]
[PlyCount "76"]
[EventDate "2018.??.??"]
[EventType "swiss"]
[EventCountry "IND"]
[SourceTitle "playchess.com"]
[Source "ChessBase"]
[SourceQuality "1"]
[TimeControl "5400+30"]

1. d4 d5 2. c4 c6 3. Nf3 Nf6 4. Nc3 dxc4 5. a4 Bf5 6. e3 e6 7. Bxc4 Bb4 8. O-O O-O 9. Ne2 Nbd7 {[%emt 0:01:40] D18: Slav Defence: 5 a4 Bf5 6 e3} 10. Ng3 Bg6 {[%emt 0:00:14] LiveBook: 8 Games} 11. Bd3 (11. Nh4 c5 12. Nxg6 hxg6 13. Qb3 Qe7 14. a5 Rab8 15. Be2 Rfc8 16. Rd1 b6 17. a6 {0-1 (76) Ikonnikov,V (2542)-Wenninger,P (2360) Germany 2016}) 11... Qe7 $146 ({Predecessor:} 11... Bxd3 12. Qxd3 Qe7 13. e4 Rad8 14. e5 Nd5 15. Ng5 f5 16. exf6 N7xf6 17. Qe2 {1-0 (41) Angel Lobo,J-Abad Pereda,J Asturias 1998}) 12. Bxg6 hxg6 13. a5 e5 14. dxe5 Nxe5 15. Nxe5 Qxe5 16. Qa4 Be7 17. b3 Rfd8 18. Rb1 Qe6 19. Bb2 Rd3 20. b4 a6 21. Bd4 Rd8 22. Qc2 Ra3 23. Rb2 Nd5 24. Rfb1 Nc7 25. Bb6 Rd7 26. Bxc7 Bf6 $2 {[%emt 0:00:30] [#]} (26... Rxc7 $15 27. Ne2 Rd7) 27. Ne2 $4 (27. Bb6 $1 $18 {avoids the disaster.}) 27... Qf5 $4 ({Weaker is} 27... Rxc7 28. Nf4 $15) (27... Bxb2 $19 {and all is fine.} 28. Qxb2 Ra2) 28. Nf4 $4 (28. e4 $18 Qb5 29. e5) 28... Bxb2 29. Qxb2 {[%emt 0:00:10] [#]} Ra4 $2 (29... Rd2 $1 $19 30. Qc1 (30. Qxd2 Qxb1+) 30... Raa2) 30. Ne2 $2 {[%emt 0:04:47] [#]} (30. Bb6 $11 {and White is okay.} Rd2 31. Qc1) 30... Qd5 $4 (30... c5 $1 $19 31. e4 Qxe4) 31. Nc3 $1 Rxb4 32. Qxb4 Qd2 33. Qc4 Qc2 34. Qe4 Rd3 35. Qe8+ Kh7 36. Ne4 $4 (36. h3 $18 Rxc3 37. Rb4) 36... Rd5 $4 (36... Qxb1# {and life is good for Black.}) 37. h4 (37. Rf1 $142 Qd3 38. Qe7) 37... f6 {[%emt 0:00:15] [#]} (37... Qxb1+ $18 38. Kh2 f6) 38. Qe7 $18 (38. Nxf6+ $142 $1 gxf6 39. Qf7+ Kh6 40. Bf4+ Kh5 {[#]} 41. f3 $1 Qxb1+ 42. Kh2 Qh1+ 43. Kxh1 Rd1+ 44. Kh2 Rh1+ 45. Kxh1 Kxh4 46. Qh7#) 38... Qb2 $2 (38... Qxb1+ $18 39. Kh2 Qa1) 1-0

[Event "Karnataka State Open-ch 2018"]
[Site "Bengaluru"]
[Date "2018.04.17"]
[Round "8"]
[White "Pavan C"]
[Black "Raghavendra, V."]
[Result "0-1"]
[ECO "A45"]
[WhiteElo "1622"]
[BlackElo "1898"]
[Annotator "NA"]
[PlyCount "116"]
[EventDate "2018.??.??"]
[EventType "swiss"]
[EventCountry "IND"]
[SourceTitle "playchess.com"]
[Source "ChessBase"]
[SourceQuality "1"]
[TimeControl "5400+30"]

1. d4 Nf6 2. e3 g6 3. Bd3 Bg7 4. f4 d6 5. Nf3 O-O 6. O-O c5 7. c3 {[%emt 0:00:56] LiveBook: 17 Games} b6 {[%emt 0:00:53] A45: Trompowsky Attack} 8. e4 Ba6 9. d5 $146 ({Predecessor:} 9. f5 Qd7 10. Bxa6 Nxa6 11. Qe2 Qb7 12. e5 Ne4 13. fxg6 fxg6 14. d5 Qxd5 15. Qxa6 {0-1 (42) Vigfusson,T (2260)-Olafsson,H (2498) Iceland 1999}) 9... Qd7 10. a4 Bxd3 11. Qxd3 Qb7 (11... e6 $11) 12. c4 Nfd7 (12... e6 $11 {remains equal.}) 13. Nc3 Na6 14. b3 Nb4 15. Qd2 a6 16. Bb2 Rfe8 17. Na2 Bxb2 18. Qxb2 Nxa2 19. Rxa2 b5 20. f5 bxc4 21. bxc4 Qxb2 22. Rxb2 Rab8 23. Rfb1 Rxb2 24. Rxb2 Rb8 25. Rxb8+ Nxb8 26. a5 Nd7 27. fxg6 hxg6 28. Kf2 Kg7 29. h3 Kf6 30. Ke3 g5 31. g3 Kg6 32. g4 (32. Kf2 $11) 32... Kf6 33. Ke2 Ne5 34. Nd2 Ng6 35. Kf3 Ke5 36. Ke3 Nh4 37. Nb3 Ng2+ 38. Kf2 Nf4 (38... Kxe4 $19 39. Kxg2 Kd3) 39. Ke3 Nxh3 40. Nd2 {[%emt 0:01:31] [#]} Kf6 $1 41. Nf3 {[%emt 0:02:03] [#]} Nf4 ({Black should try} 41... Kg7 $1 $17 42. e5 f6) 42. Nd2 $2 (42. e5+ $1 $11 Kg6 43. Nd2) 42... Ng6 43. Kf3 Ne5+ 44. Kg3 Kg6 45. Kh3 Kg7 46. Kg3 Kf6 $2 47. Kh3 $1 Nd3 48. Kg3 Ne5 ({Black should try} 48... Ke5 $19 49. Nf3+ Kxe4 50. Nxg5+ Kd4 51. Nxf7 Kxc4) 49. Kh3 Ng6 50. Kg3 Nh4 51. Kf2 Ke5 52. Ke3 e6 53. dxe6 fxe6 54. Nb3 Ng2+ 55. Kf2 $19 Kxe4 56. Kxg2 Kd3 57. Kf3 Kc2 58. Na1+ Kb2 0-1

[Event "Karnataka State Open-ch 2018"]
[Site "Bengaluru"]
[Date "2018.04.17"]
[Round "8"]
[White "Sushrutha, Reddy"]
[Black "Jagadish, V."]
[Result "0-1"]
[ECO "C68"]
[WhiteElo "1583"]
[BlackElo "2157"]
[Annotator "ChessBase"]
[PlyCount "139"]
[EventDate "2018.??.??"]
[EventType "swiss"]
[EventCountry "IND"]
[SourceTitle "playchess.com"]
[Source "ChessBase"]
[SourceQuality "1"]
[TimeControl "5400+30"]

1. e4 e5 2. Nf3 Nc6 3. Bb5 a6 4. Bxc6 dxc6 5. Nxe5 Qd4 6. Nf3 Qxe4+ 7. Qe2 Qxe2+ 8. Kxe2 Nf6 9. d4 Bf5 10. c3 O-O-O 11. Be3 Bd6 12. Re1 Ng4 13. h3 Nxe3 14. fxe3 Bg3 15. Rf1 Rhe8 16. Kd2 Re7 17. Ne1 Be4 18. Na3 Rde8 19. Nac2 Bxe1+ 20. Nxe1 Bd5 21. Nf3 Rxe3 22. Rfe1 Rxe1 23. Nxe1 f6 24. b3 Kd7 25. Nd3 b6 26. g3 Bf3 27. Nf4 g5 28. Rf1 gxf4 29. Rxf3 fxg3 30. Rxg3 Re7 31. Rg4 Ke8 32. Rh4 Kf8 33. c4 Kg7 34. Rg4+ Kf7 35. a4 f5 36. Rg1 Kf6 37. a5 b5 38. Rg8 f4 39. Rf8+ Kg5 40. Rg8+ Kf5 41. Rf8+ Ke4 42. Rf6 Kxd4 43. Rxf4+ Kc5 44. cxb5 Kxb5 45. b4 c5 46. bxc5 Kxc5 47. Rf5+ Kb4 48. h4 c5 49. h5 Rc7 50. Kd3 c4+ 51. Kc2 Rc5 52. Rf6 Kxa5 53. Kc3 Rxh5 54. Kxc4 Rh1 55. Kb3 Rb1+ 56. Ka3 Rh1 57. Re6 h5 58. Rg6 h4 59. Rh6 h3 60. Ka2 h2 61. Rh8 Kb5 62. Kb2 Kc5 63. Ka2 a5 64. Kb2 Kd5 65. Ka2 Ke5 66. Kb2 Kf5 67. Ka2 Kg6 68. Kb2 a4 69. Ka2 a3 70. Rh3 0-1

[Event "Karnataka State Open-ch 2018"]
[Site "Bengaluru"]
[Date "2018.04.17"]
[Round "8"]
[White "Arvind, Ramnath Iyer"]
[Black "Hardik, Jha"]
[Result "1/2-1/2"]
[ECO "B01"]
[WhiteElo "1519"]
[BlackElo "1882"]
[Annotator "NA"]
[PlyCount "157"]
[EventDate "2018.??.??"]
[EventType "swiss"]
[EventCountry "IND"]
[SourceTitle "playchess.com"]
[Source "ChessBase"]
[SourceQuality "1"]
[TimeControl "5400+30"]

1. e4 d5 2. exd5 Qxd5 3. Nc3 Qa5 4. d4 Nf6 5. Nf3 Bg4 6. Be2 c6 7. h3 {[%emt 0:03:49] B01: Scandinavian Defence} Bh5 (7... Bxf3 8. Bxf3 e6 9. O-O Be7 10. Ne4 Nbd7 11. c3 O-O 12. Bf4 Nxe4 13. Bxe4 g6 14. Re1 Rfe8 15. a4 Bf8 16. b4 Qd8 17. b5 {½-½ (33) Mezentsev,V (2493)-De Guzman,R (2521) Reno 2004}) 8. O-O e6 9. Bf4 {[%emt 0:00:57] LiveBook: 3 Games} Nbd7 10. Ne5 Bxe2 11. Qxe2 Be7 12. Rfe1 O-O 13. Rad1 Rad8 $146 ({Find the theoretical novelty and annotate with similar games:} 13... Nxe5 14. Bxe5 {½-½ (30) Teshima,R (1974)-Zampronha,W (2126) Florianopolis 2018}) 14. Nc4 Qa6 15. Bc7 Rc8 16. Bd6 Bxd6 17. Nxd6 Qxe2 18. Rxe2 Rc7 19. Nce4 Nxe4 20. Nxe4 Rd8 21. Red2 Nf6 22. Nxf6+ gxf6 23. Kf1 Rcd7 24. Ke2 Rd5 25. c4 R5d7 26. Ke3 f5 27. f4 ({White should try} 27. g4 $14) 27... h5 28. g3 Kg7 29. h4 Kf6 30. Ke2 Ke7 31. c5 f6 32. Ke3 Rg8 33. Kf2 Rgd8 34. Ke3 Rd5 35. b4 a5 36. a3 Ra8 37. Rd3 axb4 38. axb4 Ra4 39. Rb1 e5 40. Rbb3 (40. dxe5 $15 Rxd3+ 41. Kxd3) 40... Ke6 $2 (40... e4 $19 41. Rd2 Rd8) 41. Rd2 $2 {[%emt 0:02:28] [#]} (41. fxe5 $11 fxe5 42. dxe5) 41... Ra1 $2 (41... e4 $1 $19 42. b5 Rd8) 42. dxe5 $1 Rxd2 43. Kxd2 fxe5 44. Rd3 exf4 45. gxf4 Rh1 46. Rd6+ Ke7 47. Rh6 Rxh4 48. Ke3 Rh3+ 49. Ke2 h4 50. Rh7+ Ke6 51. Rxb7 Rb3 52. Rh7 $2 (52. Kf2 $11 {and White is okay.}) 52... Kd5 53. Rxh4 $2 (53. Rd7+ $11 Ke4 54. Re7+ Kxf4 55. Rh7) 53... Rxb4 54. Kf3 Rb3+ 55. Kf2 {[%emt 0:00:19] [#]} Rc3 $1 ({Inferior is} 55... Kxc5 56. Rh5 $15) 56. Rh5 Ke4 57. Rh4 Rxc5 58. Rh8 Kxf4 59. Rh4+ Ke5 60. Kf3 Rc3+ 61. Kf2 c5 62. Ke2 Ra3 $2 (62... f4 63. Kd2 Rb3 64. Rh5+ Kd4) 63. Rc4 Ra5 64. Kf3 Rb5 65. Ke3 Ra5 $2 (65... Rb3+ $19 66. Ke2 Rb5) 66. Kf3 Ke6 67. Kg3 Rb5 68. Kf3 Kf6 69. Kf2 $2 {[%emt 0:00:29] [#]} (69. Ke2 $17) 69... Kg5 $2 (69... Ke7 $1 $19 {[%cal Re7d6] and Black stays clearly on top.} 70. Ke3 Kd6) 70. Kg3 Rb3+ 71. Kg2 f4 72. Rxc5+ Kg4 73. Rc2 Rg3+ 74. Kh2 Rh3+ 75. Kg1 Rh8 76. Rc3 Ra8 77. Kg2 Ra2+ 78. Kg1 f3 $11 79. Rc8 1/2-1/2

[Event "Karnataka State Open-ch 2018"]
[Site "Bengaluru"]
[Date "2018.04.17"]
[Round "8"]
[White "Kalki Eshwar D"]
[Black "Sridharan Ramanathan"]
[Result "1-0"]
[ECO "B23"]
[WhiteElo "1515"]
[BlackElo "1997"]
[Annotator "NA RC"]
[PlyCount "63"]
[EventDate "2018.??.??"]
[EventType "swiss"]
[EventCountry "IND"]
[SourceTitle "playchess.com"]
[Source "ChessBase"]
[SourceQuality "1"]
[TimeControl "5400+30"]

1. e4 c5 2. Nc3 d6 3. f4 Nc6 4. Bb5 Bd7 5. Nf3 {[%emt 0:00:05] LiveBook: 73 Games B23: Closed Sicilian: Lines without g3} Nd4 (5... e6 6. O-O Be7 7. d4 cxd4 8. Nxd4 Nf6 9. Bxc6 Bxc6 10. Qd3 O-O 11. Kh1 Rc8 12. Bd2 Qb6 13. a4 Rfd8 14. Be3 Qa5 {½-½ (34) Predke,A (2595)-Demchenko,A (2672) Batumi 2018}) 6. Bxd7+ Qxd7 7. Nxd4 cxd4 8. Ne2 $1 e5 9. O-O h5 $146 ({Predecessor:} 9... Nf6 10. d3 Be7 11. Ng3 O-O-O 12. Nf5 {1-0 (53) Gerbelli Neto,E (2169)-Marques de Oliveira,E (2052) Sao Paulo 2006}) 10. d3 f6 (10... Nf6 $14) 11. c3 dxc3 12. Nxc3 O-O-O 13. Be3 Kb8 14. Rc1 exf4 15. Bxf4 Ne7 16. Qb3 g5 (16... h4 $142 17. Be3 Rh5) 17. Be3 Bg7 18. Nb5 Nc6 {[%emt 0:01:37] [#]} 19. Rxc6 $1 bxc6 20. Nxa7+ ({Not} 20. Nxd6+ Ka8 $16) 20... Ka8 21. Qa3 Kb7 22. Qb4+ (22. Rc1 $142 c5 23. Rc3) 22... Ka8 {[%emt 0:00:19] [#]} 23. Nxc6 $1 Qxc6 24. Qa5+ Kb7 25. Qa7+ Kc8 26. Rc1 Qxc1+ 27. Bxc1 Rd7 28. Qa8+ Kc7 29. Qa5+ Kc8 30. Bd2 Rhd8 31. Qa8+ Kc7 32. Ba5# {[%emt 0:00:05] Re8 Bd2 Kc8 Qa5 Rg8 Qf5 Rc7 Ba5+ Kb7 Qd7} 1-0

[Event "Karnataka State Open-ch 2018"]
[Site "Bengaluru"]
[Date "2018.04.18"]
[Round "9"]
[White "Raducanu, Andrei-Augustin"]
[Black "Sushrutha, Reddy"]
[Result "1-0"]
[ECO "C01"]
[WhiteElo "2063"]
[BlackElo "1583"]
[Annotator "NA RC"]
[PlyCount "63"]
[EventDate "2018.??.??"]
[EventType "swiss"]
[EventCountry "IND"]
[SourceTitle "playchess.com"]
[Source "ChessBase"]
[SourceQuality "1"]
[TimeControl "5400+30"]

1. e4 e6 2. d4 d5 3. exd5 exd5 4. Bd3 Nf6 5. Nf3 Bd6 6. O-O O-O 7. b3 Bg4 8. c4 c6 9. h3 Bh5 10. Bg5 Nbd7 11. g4 Bg6 12. c5 Bc7 13. Nc3 Bxd3 14. Qxd3 h6 15. Bd2 Re8 16. Rae1 Nf8 17. Rxe8 Qxe8 18. Re1 Qd7 19. Ne5 Qc8 20. f4 N8d7 21. b4 Nxe5 22. dxe5 Nh7 23. Ne2 Qf8 24. Nd4 g6 25. f5 g5 26. f6 Re8 27. Qf5 Kh8 28. e6 fxe6 29. Nxe6 Qf7 30. Nxc7 Rxe1+ 31. Bxe1 Qxc7 32. Qe6 1-0

[Event "Karnataka State Open-ch 2018"]
[Site "Bengaluru"]
[Date "2018.04.18"]
[Round "9"]
[White "Sekhawat, Hussen"]
[Black "Arvind, Ramnath Iyer"]
[Result "0-1"]
[ECO "A05"]
[WhiteElo "1915"]
[BlackElo "1519"]
[Annotator "NA"]
[PlyCount "88"]
[EventDate "2018.??.??"]
[EventType "swiss"]
[EventCountry "IND"]
[SourceTitle "playchess.com"]
[Source "ChessBase"]
[SourceQuality "1"]
[TimeControl "5400+30"]

1. Nf3 Nf6 2. g3 g6 3. b3 Bg7 4. Bb2 c5 5. Bg2 {[%emt 0:00:55] A05: Réti Opening: 1 Nf3 Nf6} d6 6. O-O e5 7. e3 Nc6 8. c4 O-O 9. d3 (9. d4 cxd4 10. exd4 Bg4 11. h3 Bxf3 12. Bxf3 exd4 13. Bxc6 bxc6 14. Bxd4 {0-1 (31) Inarkiev,E (2689)-Li,C (2732) Riadh 2017}) 9... h6 10. Nc3 Be6 11. Rc1 Qd7 12. Ne4 $146 ({Predecessor:} 12. Re1 Ne8 13. a3 Nc7 14. Nd2 Rab8 15. Nd5 Bg4 16. Qc2 Nxd5 17. cxd5 {1-0 (47) Simic,R (2460)-Vujakovic,B (2400) Zlatibor 1989}) 12... Rad8 13. Qd2 Bh3 14. a3 Bxg2 15. Kxg2 Nh5 16. Nc3 f5 17. h3 f4 18. Qe2 Qf7 19. Ne4 g5 20. g4 Nf6 21. Rg1 Qd7 22. Nxf6+ Rxf6 23. e4 h5 24. Kf1 Bh6 25. Ke1 h4 26. Nxh4 gxh4 27. g5 Rg6 28. Qh5 Qg7 29. gxh6 Rxg1+ 30. Ke2 Qg5 31. Rxg1 Qxg1 32. b4 f3+ 33. Qxf3 Qg6 34. b5 Nd4+ 35. Bxd4 cxd4 36. b6 a6 37. c5 dxc5 38. Kf1 Rf8 39. Qd1 Qxh6 40. Qb3+ Rf7 41. Qd1 Qf4 42. Qc2 Qf3 43. Qd2 Qh1+ 44. Ke2 Qg1 0-1